 Dungeon Crawl Stone Soup version 0.21-a0-110-g8e1637b (webtiles) character file.

946 Lavandula the Bolt Thrower (level 7, -4/54 HPs)
             Began as a Mummy Arcane Marksman on July 7, 2017.
             Was a Follower of Kikubaaqudgha.
             Slain by a sky beast (5 damage)
             ... on level 5 of the Dungeon.
             The game lasted 00:25:14 (4588 turns).

Lavandula the Bolt Thrower (Mummy Arcane Marksman)  Turns: 4588, Time: 00:25:14

Health: -4/54      AC:  4    Str: 13    XL:     7   Next: 89%
Magic:  13/13      EV: 12    Int: 12    God:    Kikubaaqudgha [*.....]
Gold:   216        SH:  0    Dex: 15    Spells: 1/14 levels left

rFire    x . .     SeeInvis .   a - +0 hand crossbow
rCold    + . .     Gourm    .   (no shield)
rNeg     + + +     Faith    .   e - +0 robe
rPois    ∞         Spirit   .   j - +1 helmet
rElec    .         Reflect  .   (no cloak)
rCorr    .         Harm     .   (no gloves)
MR       .....                  (no boots)
Stlth    +.........             (no amulet)
HPRegen  0.18/turn              (no ring)
MPRegen  0.13/turn              (no ring)

@: no status effects
A: no food or potions, fire vulnerability, cold resistance 1, negative energy
resistance 3, torment resistance, unbreathing
a: Receive Corpses, Renounce Religion


You were on level 5 of the Dungeon.
You worshipped Kikubaaqudgha.
Kikubaaqudgha was aware of your devotion.
You were not hungry.

You visited 1 branch of the dungeon, and saw 6 of its levels.

You collected 216 gold pieces.

Inventory:

Hand Weapons
 a - a +0 hand crossbow (weapon)
 g - a +0 vampiric halberd
 h - a +0 dagger
 k - a +1 dagger of venom
Missiles
 d - 23 bolts (quivered)
 r - 5 javelins
Armour
 e - a +0 robe (worn)
 j - a +1 helmet (worn)
Wands
 i - a wand of acid (0/15)
 q - a wand of clouds (6/9)
Scrolls
 b - 2 scrolls of noise
 f - a scroll of magic mapping
 l - a scroll of recharging {unknown}
 m - a scroll of blinking {unknown}
 n - a scroll of remove curse {unknown}
 o - a scroll of enchant weapon {unknown}
 p - a scroll of fog {unknown}
Books
 c - a book of Debilitation

   Spells                             Type                      Level
   a - Corona                         Hexes                        1
   b - Slow                           Hexes                        2
   c - Inner Flame                    Hexes/Fire                   3
   d - Portal Projectile              Hexes/Translocation          3
   e - Cause Fear                     Hexes                        4
   f - Leda's Liquefaction            Hexes/Earth                  4
 s - Kikubaaqudgha's Catalogue of Unholy Rites
   (Kikubaaqudgha gifted it to you on level 5 of the Dungeon)

   Spells                             Type                      Level
   a - Animate Skeleton               Necromancy                   1
   b - Pain                           Necromancy                   1
   c - Corpse Rot                     Necromancy                   2
   d - Vampiric Draining              Necromancy                   3
   e - Control Undead                 Necromancy                   4


   Skills:
 - Level 4.1 Fighting
 - Level 1.7 Short Blades
 - Level 5.0 Crossbows
 - Level 1.9 Dodging
 - Level 4.0 Spellcasting
 - Level 2.6 Hexes
 + Level 3.1 Necromancy


You had one spell level left.
You knew the following spells:

 Your Spells              Type           Power        Failure   Level  Hunger
a - Corona                Hex            #......      8%          1    N/A
b - Slow                  Hex            #.......     11%         2    N/A
c - Cause Fear            Hex            #.........   58%         4    N/A
d - Animate Skeleton      Necr           N/A          6%          1    N/A
e - Corpse Rot            Necr           N/A          9%          2    N/A
f - Vampiric Draining     Necr           ##........   19%         3    N/A

Dungeon Overview and Level Annotations

Branches:
Dungeon (6/15)             Temple (0/1) D:5

Altars:
Ashenzari
Elyvilon
Fedhas
Gozag
Hepliaklqana
Kikubaaqudgha
Nemelex Xobeh
Trog
Wu Jian
Xom
Zin
The Shining One

Shops:
D:5 %

Annotations:
D:3 Ordine's ghost, amateur DDFi
D:6 Felkjern's ghost, novice GrFE


Innate Abilities, Weirdness & Mutations

You do not eat or drink.
Your flesh is vulnerable to fire.
You are immune to poison.
Your flesh is cold resistant. (rC+)
You are immune to negative energy. (rN+++)
You are immune to unholy pain and torment.
You can survive without breathing.


Message History

The orc priest hits you.
* * * LOW HITPOINT WARNING * * *
You see here a scorpion corpse.
Unknown command.
The orc priest invokes the aid of Beogh against you.
Beogh smites you!
* * * LOW HITPOINT WARNING * * *
The orc wizard gestures wildly while chanting.
The orc wizard flickers and vanishes!
Deactivating autopickup; reactivate with Ctrl-A.
There is an open door here.
The orc priest looks braver for a moment.
The sky beast flickers out of sight!
Something hits you.
* * * LOW HITPOINT WARNING * * *
Something shocks you.
* * * LOW HITPOINT WARNING * * *
There is a stone staircase leading up here.
Something hits you.
You die...
Kikubaaqudgha rasps: "You have failed me!
Welcome... oblivion!"

....'[.P.......#.#.#.#.#.#.......
....#[...........................
....#....#####[..⌠.....⌠.........
....#....###........_.........o..
....#.....#......⌠.....⌠...#####.
....#.....'.................#..#.
....#.....#....#.#.#.#.#)#..#..#.
....#.....#.................#..#o
....#.....#....#@{...#......#..#.
....##..###.##.#...o.#+###'##..#.
.....#..###.##.#####o.......#..#.
.....#..#...#......#........#..#.
.....#..#...'......#........#..#.
###### ############o.......#'##.
#......#####....... #
#......'...#....... #
#......#.o.+.......


You could see an orc priest and an orc.

Vanquished Creatures
  A black bear (D:5)
  2 phantoms (D:5)
  An ogre (D:5)
  A scorpion (D:6)
  3 jellies
  A crimson imp (D:4)
  An orc priest (D:4)
  Ijyb (D:3)
  An orc wizard (D:5)
  An iguana (D:3)
  2 worker ants
  2 gnolls
  6 adders
  6 river rats (D:5)
  A shadow imp (D:6)
  2 oozes
  A worm (D:4)
  4 leopard geckos
  9 orcs
  4 giant cockroaches
  5 goblins
  2 hobgoblins (D:2)
  7 jackals
  8 quokkas
  3 ball pythons
  7 bats
  A frilled lizard (D:5)
  A goblin zombie (D:4)
  2 hobgoblin zombies (D:4)
  7 kobolds
  2 kobold zombies (D:4)
  A leopard gecko skeleton (D:5)
  A leopard gecko zombie (D:5)
  An orc skeleton (D:4)
  An orc zombie (D:4)
  16 rats
115 creatures vanquished.

Notes
Turn   | Place    | Note
-------+----------+-------------------------------------------
     0 | D:1      | Lavandula the Mummy Arcane Marksman began the quest for the Orb.
     0 | D:1      | Reached XP level 1. HP: 15/15 MP: 2/2
   123 | D:2      | Reached skill level 2 in Crossbows
   226 | D:3      | Reached XP level 2. HP: 3/21 MP: 0/4
   481 | D:3      | Learned a level 2 spell: Slow
   573 | D:3      | Noticed Ordine's ghost (amateur DDFi)
   581 | D:3      | Found a shattered altar of Ashenzari.
   786 | D:2      | Found a blossoming altar of Fedhas.
   897 | D:2      | Reached XP level 3. HP: 14/26 MP: 3/5
   907 | D:2      | Found an ornate altar of the Wu Jian Council.
  1197 | D:3      | Reached skill level 3 in Crossbows
  1292 | D:3      | Found a bloodstained altar of Trog.
  1351 | D:3      | Noticed Ijyb
  1366 | D:3      | Killed Ijyb
  1366 | D:3      | Reached XP level 4. HP: 18/32 MP: 1/6
  1563 | D:3      | Found a glowing silver altar of Zin.
  1564 | D:3      | Found an opulent altar of Gozag.
  1619 | D:4      | Found a hazy altar of Hepliaklqana.
  1639 | D:4      | Found a sparkling altar of Nemelex Xobeh.
  1663 | D:4      | Found a glowing golden altar of the Shining One.
  1682 | D:4      | Reached skill level 1 in Short Blades
  1755 | D:4      | Reached skill level 4 in Crossbows
  1755 | D:4      | Reached XP level 5. HP: 13/37 MP: 7/7
  1911 | D:5      | Entered Level 5 of the Dungeon
  1911 | D:5      | Found a white marble altar of Elyvilon.
  2418 | D:5      | Found an ancient bone altar of Kikubaaqudgha.
  2423 | D:5      | Became a worshipper of Kikubaaqudgha
  2434 | D:5      | Noticed a phantom
  2462 | D:5      | Killed a phantom
  2462 | D:5      | Reached skill level 5 in Crossbows
  2462 | D:5      | Reached XP level 6. HP: 34/43 MP: 8/8
  2468 | D:5      | Learned a level 4 spell: Cause Fear
  2690 | D:5      | Found a staircase to the Ecumenical Temple.
  2904 | D:5      | Reached XP level 7. HP: 32/54 MP: 6/9
  2987 | D:5      | Reached * piety under Kikubaaqudgha
  2987 | D:5      | Identified Kikubaaqudgha's Catalogue of Unholy Rites (Kikubaaqudgha gifted it to you on level 5 of the Dungeon)
  2987 | D:5      | Received a gift from Kikubaaqudgha
  2993 | D:5      | Learned a level 1 spell: Animate Skeleton
  3195 | D:4      | Learned a level 2 spell: Corpse Rot
  3394 | D:5      | Found Paecw's Food Boutique.
  4069 | D:6      | Found a shimmering altar of Xom.
  4069 | D:6      | Found a shimmering altar of Xom.
  4069 | D:6      | Found a shimmering altar of Xom.
  4069 | D:6      | Found a shimmering altar of Xom.
  4069 | D:6      | Found a shimmering altar of Xom.
  4080 | D:6      | Learned a level 3 spell: Vampiric Draining
  4091 | D:6      | Found a shimmering altar of Xom.
  4103 | D:6      | Found a shimmering altar of Xom.
  4144 | D:6      | Reached skill level 1 in Necromancy
  4386 | D:6      | Noticed Felkjern's ghost (novice GrFE)
  4587 | D:5      | HP: 1/54 [something (5)]
  4588 | D:5      | Slain by a sky beast

Vault maps used:
D:1:      scummos_arrival_hexagon, minmay_splitting_lines
D:2:      lemuel_round_altar, lemuel_round_altar, grunt_decor_arrowhead
D:3:      grunt_temple_overflow_gold_and_silver, lemuel_coloured_pillars_altar,
          lightli_temple_of_fire, uniq_ijyb
D:4:      lemuel_round_altar, overflow_temple_1_default,
          nicolae_tso_besieged_by_evil, first_bread
D:5:      lemuel_ratsnest, kiku_gazebo_garden_becter, elyvilon_altar_5,
          minmay_temple_entry_overgrown, serial_shops, nicolae_shop_stone
D:6:      lemuel_crystal_altar, nicolae_xom_altar_mimics

Skill      XL: |  1  2  3  4  5  6  7 |
---------------+----------------------+-----
Crossbows      | 2 3 4 5 |  5.0
Short Blades   | 1 |  1.7
Fighting       | 4 |  4.1
Spellcasting   | 4 |  4.0
Necromancy     | 3 |  3.1
Dodging        | |  1.9
Hexes          | |  2.6

Action                   |  1- 3 |  4- 6 |  7- 9 || total
-------------------------+-------+-------+-------++-------
Melee: Dagger            |    32 |    51 |    50 ||   133
 Fire: Hand crossbow     |    62 |   106 |    58 ||   226
Throw: Javelin           |       |     1 |     5 ||     6
 Cast: Corona            |    25 |    24 |    17 ||    66
       Slow              |     3 |     3 |     1 ||     7
       Animate Skeleton  |       |       |     4 ||     4
       Vampiric Draining |       |       |     3 ||     3
Invok: Receive Corpses   |       |       |     1 ||     1
Evoke: Wand              |       |       |     2 ||     2
  Use: Scroll            |     3 |     2 |     2 ||     7
Armor: Robe              |    37 |    13 |    11 ||    61
Dodge: Dodged            |   105 |    54 |    42 ||   201
